 Dungeon Crawl Stone Soup version 0.32-a0-450-g080537f31e (webtiles) character file.

Game seed: 165546606937000168

310 Aneyh the Poker (level 6, -7/40 HPs)
             Began as a Tengu Monk on Feb 23, 2024.
             Mangled by a gnoll
             ... wielding a +0 whip of electrocution
              (8 damage)
             ... on level 4 of the Dungeon.
             The game lasted 00:04:44 (3241 turns).

Aneyh the Poker (Tengu Monk)                        Turns: 3241, Time: 00:04:45

Health: -7/40      AC:  6    Str: 13    XL:     6   Next: 41%
Magic:  7/7        EV: 11    Int: 11    God:
Gold:   203        SH:  0    Dex: 16    Spells: 5/5 levels left

rFire   . . .        a - +0 spear
rCold   . . .        (no shield)
rNeg    . . .        j - +0 scale mail
rPois   .            (helmet restricted)
rElec   .            (no cloak)
rCorr   .            (no gloves)
SInv    .            (boots unavailable)
Will    .....        (no amulet) Stlth
                     (no ring)
HPRegen 0.26/turn    (no ring)
MPRegen 0.10/turn

%: acrobat
@: brilliant
A: beak, talons 3, acrobatic
a: no special abilities


You were on level 4 of the Dungeon.
You visited 1 branch of the dungeon, and saw 4 of its levels.

You collected 203 gold pieces.

Inventory:

Hand Weapons
 a - a +0 spear (weapon)
 b - the +2 arbalest "Duimamm" {drain, rPois rC+ Int+3 Dex-2}
   (You took it off a kobold on level 3 of the Dungeon)

   Int+3:     It affects your intelligence (+3).
   Dex-2:     It affects your dexterity (-2).
   rC+:       It protects you from cold.
   rPois:     It protects you from poison
 o - a +0 whip of freezing
Armour
 d - an orb of light
 g - a +0 robe
 j - a +0 scale mail (worn)
Jewellery
 l - a ring of protection from fire
Scrolls
 e - a scroll of poison {unknown}
 h - a scroll of fog {unknown}
 i - 2 scrolls of identify {unknown}
 m - a scroll of immolation {unknown}
Potions
 c - a potion of brilliance
 f - a potion of invisibility {unknown}
 k - a potion of attraction {unknown}
 n - a potion of curing {unknown}
 p - a potion of mutation {unknown}


   Skills:
 + Level 5.0 Fighting
 - Level 5.0 Polearms
 - Level 5.0 Dodging


You had 5 spell levels left.
You didn't know any spells.
Your spell library contained the following spells:

 Spells                   Type           Power      Damage    Failure   Level
 Inner Flame              Hex/Fire       0%         N/A       99%         3
 Flame Wave               Conj/Fire      0%         2d4       100%        4
 Sticky Flame             Fire/Alch      0%         2d4       100%        4


Dungeon Overview and Level Annotations

Branches:
Dungeon (4/15)
 Temple: D:4-7

Altars:

Annotations:
D:4 Dowan, Duvessa


Innate Abilities, Weirdness & Mutations

You have a beak for a mouth.
You have claws for feet.
You can magically evade attacks while moving or waiting.


Message History

The hobgoblin hits you but does no damage.
You hit the gnoll.
The gnoll is lightly wounded.
The gnoll hits you with a +0 whip. The gnoll barely misses you.
The hobgoblin closely misses you.
You hit the gnoll. You claw the gnoll. Your peck misses the gnoll.
The gnoll is heavily wounded.
The gnoll hits you with a +0 whip. The gnoll misses you.
The hobgoblin hits you.
The gnoll hits you but does no damage. x2; The hobgoblin misses you.
You climb upwards.
There is a stone staircase leading down here.
You closely miss the gnoll. You claw the gnoll.
The gnoll is almost dead.
The gnoll hits you with a +0 whip. The hobgoblin barely misses you.
You hit the gnoll.
You kill the gnoll!
Your Fighting skill increases to level 5!
You hit the hobgoblin.
You kill the hobgoblin!
You start resting.
HP restored.
You climb downwards.
Level annotation: Dowan, Duvessa The gnoll hits you with a +0 whip of electrocution.
You are electrocuted!
The endoplasm hits you but does no damage.
The gnoll hits you but does no damage.
You are electrocuted!!
Ouch! That really hurt!
* * * LOW HITPOINT WARNING * * *
There is a stone staircase leading up here.
It was a potion of brilliance.
You feel clever all of a sudden. The endoplasm freezes you.
You are frozen.
* * * LOW HITPOINT WARNING * * *
The gnoll hits you with a +0 whip of electrocution.
* * * LOW HITPOINT WARNING * * *
You are electrocuted!
You die...

.. .# ... ..
.. .. # #..
#### # ..
..##.. ..##.#
.. ......#
...#.## ##
#?..$###.....
..
##......#g.#
..
#....)...@J#
..
....g.....###
..
...##...###
.. . #.... ..
#.... ..
.....## ..
....... .#
......# .#


You could see 2 gnolls and an endoplasm.

Vanquished Creatures
  A phantom (D:4)
  A hound (D:3)
  A jelly (D:4)
  An iguana (D:3)
  4 adders
  A gnoll (D:3)
  3 dart slugs (D:1)
  2 ribbon worms
  8 orcs (D:3)
  4 ball pythons
  6 endoplasms
  4 giant cockroaches
  6 goblins
  5 hobgoblins
  6 jackals
  9 kobolds
  3 quokkas (D:1)
  9 bats
  5 frilled lizards
  6 rats
85 creatures vanquished.

Notes
Turn   | Place    | Note
-------+----------+-------------------------------------------
     0 | D:1      | Aneyh the Tengu Monk began the quest for the Orb.
     0 | D:1      | Reached XP level 1. HP: 14/14 MP: 2/2
    86 | D:1      | You fall into a shaft and drop 1 floor!
   130 | D:2      | Reached XP level 2. HP: 19/19 MP: 3/3
   243 | D:1      | Reached XP level 3. HP: 22/23 MP: 4/4
   455 | D:1      | Reached skill level 5 in Polearms
   674 | D:1      | Reached XP level 4. HP: 28/28 MP: 5/5
  1917 | D:3      | Reached XP level 5. HP: 32/32 MP: 6/6
  2410 | D:3      | Identified the +2 arbalest "Duimamm" {drain, rPois rC+
                  | Int+3 Dex-2}
  2910 | D:4      | Noticed a phantom
  2927 | D:4      | Killed a phantom
  2928 | D:4      | Reached skill level 5 in Dodging
  2928 | D:4      | Reached XP level 6. HP: 34/40 MP: 7/7
  2972 | D:4      | Noticed Dowan
  2972 | D:4      | Noticed Duvessa
  3158 | D:3      | Reached skill level 5 in Fighting
  3241 | D:4      | HP: 1/40 [gnoll/+0 whip of electrocution (4)]
  3241 | D:4      | Mangled by a gnoll

Illustrated notes

Levels and vault maps discovered:
D:1:      wheals_arrival_linesprint, layout_basic,
          chequers_serial_rivers_small_a
D:2:      layout_loops_corners
D:3:      layout_basic, serial_co_window_serial, co_window_corner_a,
          co_window_paths_a, co_window_of_opportunity_a,
          co_window_of_opportunity_a, co_window_paths_a, co_window_corner_a,
          co_window_corner_a, co_window_corner_b, co_window_unsneaky_path_d,
          co_window_2corner, co_window_sun, glass_columns_c, glass_columns_b,
          glass_columns_c
D:4:      layout_cave_pools, uniq_edmund, uniq_duvessa

Skill      XL: |  1  2  3  4  5  6 |
---------------+-------------------+-----
Polearms       | 4 5 |  5.0
Dodging        | 4 5 |  5.0
Fighting       | 4 5 |  5.0

Action                     |  1- 3 |  4- 6 || total
---------------------------+-------+-------++-------
  Melee: Spear             |    67 |    66 ||   133
         Kick              |    18 |    36 ||    54
         Peck              |    12 |    27 ||    39
         Whip              |    30 |    91 ||   121
   Fire: Arbalest          |       |    20 ||    20
    Use: Potion            |       |     2 ||     2
   Stab: Sleeping          |     1 |       ||     1
 Armour: Robe              |    35 |     1 ||    36
         Scale mail        |       |   101 ||   101
  Dodge: Dodged            |    61 |   102 ||   163

Table legend: (Time is in decaauts)
 A = Elapsed time spent in this place.
 B = Non-inter-level travel time spent in this place.
 C = Inter-level travel time spent in this place.
 D = Time resting spent in this place.
 E = Time spent auto-exploring this place.
 F = Levels seen in this place.
 G = Mean time per level.
                   A        B        C        D        E       F      G
               +--------+--------+--------+--------+--------+-----+--------+
         Total |   3255 |   3074 |    181 |    412 |   2050 |   4 |  813.8 |
       Dungeon |   3255 |   3074 |    181 |    412 |   2050 |   4 |  813.8 |
               +--------+--------+--------+--------+--------+-----+--------+

Top non-repeatable levels by time:
     D:3: 1416 daAuts
     D:2: 959 daAuts
     D:1: 759 daAuts
     D:4: 119 daAuts
